Kelowna Rockets vs Santa Cruz Tiger Sharks
Created - Friday, April 28, 2023 at 07:25
Goals
|
| Kelowna Rockets |
1 |
2 |
1 |
4 |
| Santa Cruz Tiger Sharks |
0 |
3 |
0 |
3 |
|
Shots
|
| Kelowna Rockets |
14 |
12 |
13 |
39 |
| Santa Cruz Tiger Sharks |
11 |
13 |
11 |
35 |
|
1st period
1. Kelowna Rockets , Jacob Perreault 10 (Jack Drury 14) at 8:59
Penalties :
Joel Kiviranta (KEL) for Interference (Minor) at 2:46, Kailer Yamamoto (SCS) for Hooking (Minor) at 9:52, Sean Day (SCS) for Hooking (Minor) at 15:26, Ty Dellandrea (KEL) for Interference (Minor) at 15:29, Jack Drury (KEL) for High sticking (Minor) at 16:16
2nd period
2. Santa Cruz Tiger Sharks , Jack Roslovic 24 (Kailer Yamamoto 27, Zach Sanford 25) at 1:58
3. Kelowna Rockets , Oskar Steen 18 (Matias Maccelli 18, Cale Fleury 25) at 2:55 (PP)
4. Kelowna Rockets , Arnaud Durandeau 2 (Ty Dellandrea 35) at 11:07
5. Santa Cruz Tiger Sharks , Travis Boyd 20 (Jesper Boqvist 26, Austin Strand 11) at 13:33
6. Santa Cruz Tiger Sharks , Calle Rosen 5 (Jack Roslovic 32, Kailer Yamamoto 28) at 15:53 (PP)
Penalties :
Zach Sanford (SCS) for Interference (Minor) at 2:20, Ty Dellandrea (KEL) for Holding (Minor) at 3:25, Joel Kiviranta (KEL) for Roughing (Minor) at 15:39
3rd period
7. Kelowna Rockets , Jesse Ylonen 22 (Ty Dellandrea 36) at 7:49 (PP)
Penalties :
Ty Dellandrea (KEL) for Interference (Minor) at 2:03, Travis Boyd (SCS) for Interference (Minor) at 7:45, Michael McLeod (SCS) for Interference (Minor) at 13:03, Jasper Weatherby (KEL) for Hooking (Minor) at 14:12, Hunter Drew (SCS) for Holding (Minor) at 17:17
Goalie Stats
Eetu Makiniemi (KEL), 32 saves from 35 shots - (0.914), W, 6-3-0, 60:00 minutes
Mikhail Berdin (SCS), 35 saves from 39 shots - (0.897), L, 9-5-1, 59:53 minutes
Players Stats for Kelowna Rockets
Player Name G A P +/- PIM S H SB GA TA FO MP PP MP PK MP
------------------------------------------------------------------------------------
Arnaud Durandeau 1 0 1 1 0 3 0 0 0 0 0/0 5:00 0:00 0:00
Cale Fleury 0 1 1 2 0 1 1 0 0 2 0/0 26:59 3:48 4:55
Givani Smith 0 0 0 0 0 0 2 0 0 0 0/0 9:59 0:00 0:00
Jack Drury 0 1 1 0 2 6 1 1 0 0 6/13 15:24 0:00 3:13
Jacob Perreault 1 0 1 0 0 2 1 2 0 1 0/1 12:52 0:17 2:34
Jake Bean 0 0 0 -1 0 0 0 2 0 0 0/0 11:39 0:00 0:00
Jasper Weatherby 0 0 0 -1 2 5 1 0 1 1 2/4 21:09 3:14 3:37
Jesse Ylonen 1 0 1 -1 0 8 0 1 1 0 0/1 18:03 3:15 0:52
Joel Kiviranta 0 0 0 0 4 5 1 0 1 0 0/1 17:21 2:17 0:23
Lauri Pajuniemi 0 0 0 1 0 0 0 0 0 0 0/0 5:00 0:00 0:00
Lucas Johansen 0 0 0 -1 0 1 0 1 0 0 0/0 21:54 2:01 4:24
Matias Maccelli 0 1 1 0 0 1 0 0 0 1 0/1 18:11 2:17 3:36
Max Lajoie 0 0 0 2 0 0 3 2 0 0 0/0 28:28 3:48 4:55
Maxence Guenette 0 0 0 -1 0 0 4 1 0 2 0/0 19:53 2:01 4:24
Oskar Steen 1 0 1 0 0 5 1 0 1 0 3/13 16:15 2:17 0:46
Oskari Laaksonen 0 0 0 -1 0 0 1 0 0 0 0/0 11:07 0:00 0:00
Roby Jarventie 0 0 0 0 0 0 1 0 0 0 1/3 4:33 0:25 0:06
Ty Dellandrea 0 2 2 0 6 2 4 0 1 0 18/31 23:58 3:23 2:19
Players Stats for Santa Cruz Tiger Sharks
Player Name G A P +/- PIM S H SB GA TA FO MP PP MP PK MP
------------------------------------------------------------------------------------
Alexander Volkov 0 0 0 0 0 3 2 0 1 0 0/0 13:28 0:00 2:57
Austin Strand 0 1 1 1 0 2 0 1 1 0 0/0 24:03 4:30 3:21
Calle Rosen 1 0 1 1 0 2 0 0 0 1 0/0 21:53 3:40 2:28
David Gustafsson 0 0 0 -1 0 1 1 1 0 0 2/4 11:04 0:28 2:43
Evgeny Svechnikov 0 0 0 -1 0 0 0 0 0 0 0/0 7:26 0:00 0:00
Hunter Drew 0 0 0 -2 2 0 0 2 0 0 0/0 14:55 0:00 0:00
Jack Roslovic 1 1 2 0 0 5 1 2 1 0 18/26 18:11 3:55 0:00
Jesper Boqvist 0 1 1 1 0 5 1 0 1 0 1/1 16:33 4:02 0:09
Kailer Yamamoto 0 2 2 0 2 2 0 0 1 0 0/0 18:15 3:55 0:00
Kevin Rooney 0 0 0 0 0 1 1 0 0 0 7/17 13:28 0:00 2:57
Kieffer Bellows 0 0 0 0 0 2 0 0 0 1 0/0 10:31 0:00 0:00
Michael McLeod 0 0 0 1 2 2 5 2 0 0 9/16 17:30 4:15 0:00
Sean Day 0 0 0 1 2 1 3 3 0 1 0/0 21:17 3:58 2:25
Steven Lorentz 0 0 0 -1 0 0 0 1 0 0 0/0 10:11 0:00 2:43
Tobias Bjornfot 0 0 0 1 0 3 0 0 0 0 0/0 24:03 4:30 3:21
Travis Boyd 1 0 1 1 2 3 4 1 0 1 1/2 16:18 4:02 0:00
Wyatt Kalynuk 0 0 0 -2 0 0 0 2 0 0 0/0 14:07 0:00 0:03
Zach Sanford 0 1 1 0 2 3 2 1 2 1 0/2 18:06 3:35 0:09
3 Stars
1 - Jack Roslovic (SCS)
2 - Arnaud Durandeau (KEL)
3 - Jacob Perreault (KEL)
Power Play
Kelowna Rockets - 2 on 6 Attempt(s) - 33.33%
Santa Cruz Tiger Sharks - 1 on 7 Attempt(s) - 14.29%
Penalty Kill
Kelowna Rockets - 6 on 7 Attempt(s) - 85.71%
- Score 0 goal in Penalty Kill
Santa Cruz Tiger Sharks - 4 on 6 Attempt(s) - 66.67%
- Score 0 goal in Penalty Kill
Team Stat
Kelowna Rockets - Hits : 21 - Faceoff Wins : 30 - Blocked Shots : 10 - Penalty Minutes : 14
Santa Cruz Tiger Sharks - Hits : 20 - Faceoff Wins : 38 - Blocked Shots : 16 - Penalty Minutes : 12
Official
Referees : Unknown
Linesman : Unknown
Game Notes
No Game Note
Kelowna Rockets
5 vs 5 Forward
Center Left Wing Right Wing Time % Phy DF OF
1 Ty Dellandrea Jasper Weatherby Jesse Ylonen 40 1 2 2
2 Oskar Steen Matias Maccelli Joel Kiviranta 30 1 2 2
3 Jack Drury Givani Smith Jacob Perreault 20 1 2 2
4 Ty Dellandrea Arnaud Durandeau Lauri Pajuniemi 10 1 2 2
5 vs 5 Defense
Defense Defense Time % Phy DF OF
1 Cale Fleury Max Lajoie 40 1 2 2
2 Lucas Johansen Maxence Guenette 30 1 2 2
3 Jake Bean Oskari Laaksonen 20 1 2 2
4 Max Lajoie Lucas Johansen 10 1 2 2
PowerPlay Forward
Center Left Wing Right Wing Time % Phy DF OF
1 Ty Dellandrea Jasper Weatherby Jesse Ylonen 60 1 2 2
2 Oskar Steen Matias Maccelli Joel Kiviranta 40 1 2 2
PowerPlay Defense
Defense Defense Time % Phy DF OF
1 Cale Fleury Max Lajoie 60 1 2 2
2 Lucas Johansen Maxence Guenette 40 1 2 2
Penalty Kill 4 Players Forward
Center Wing Time % Phy DF OF
1 Ty Dellandrea Jasper Weatherby 60 1 2 2
2 Jesse Ylonen Matias Maccelli 40 1 2 2
Penalty Kill 4 Players Defense
Defense Defense Time % Phy DF OF
1 Cale Fleury Max Lajoie 60 1 2 2
2 Lucas Johansen Maxence Guenette 40 1 2 2
Penalty Kill - 3 Players Forward
Forward Time % Phy DF OF
1 Ty Dellandrea 60 1 2 2
2 Jasper Weatherby 40 1 2 2
Penalty Kill - 3 Players Defense
Defense Defense Time % Phy DF OF
1 Cale Fleury Max Lajoie 60 1 2 2
2 Lucas Johansen Maxence Guenette 40 1 2 2
4 vs 4 Forward
Center Wing Time % Phy DF OF
1 Ty Dellandrea Jasper Weatherby 60 1 2 2
2 Jesse Ylonen Matias Maccelli 40 1 2 2
4 vs 4 Defense
Defense Defense Time % Phy DF OF
1 Cale Fleury Max Lajoie 60 1 2 2
2 Lucas Johansen Maxence Guenette 40 1 2 2
Last Minutes Offensive
Center Left Wing Right Wing Defense Defense
Ty Dellandrea Jasper Weatherby Jesse Ylonen Cale Fleury Max Lajoie
Last Minutes Defensive
Center Left Wing Right Wing Defense Defense
Ty Dellandrea Jasper Weatherby Jesse Ylonen Cale Fleury Max Lajoie
Goaltenders
Starting : Eetu Makiniemi
Backup : Justus Annunen
Extra Forwards
Normal : Roby Jarventie, Ty Dellandrea, Jack Drury - PP : Roby Jarventie, Ty Dellandrea - PK : Jack Drury
Extra Defensemen
Normal : Max Lajoie, Maxence Guenette, Cale Fleury - PP : Cale Fleury - PK : Maxence Guenette, Cale Fleury
Penalty Shots
Ty Dellandrea, Jasper Weatherby, Jesse Ylonen, Matias Maccelli, Oskar Steen
Santa Cruz Tiger Sharks
5 vs 5 Forward
Center Left Wing Right Wing Time % Phy DF OF
1 Jack Roslovic Zach Sanford Kailer Yamamoto 30 1 2 2
2 Michael McLeod Travis Boyd Jesper Boqvist 30 1 2 2
3 Kevin Rooney Kieffer Bellows Alexander Volkov 25 1 2 2
4 David Gustafsson Evgeny Svechnikov Steven Lorentz 15 1 2 2
5 vs 5 Defense
Defense Defense Time % Phy DF OF
1 Tobias Bjornfot Austin Strand 35 1 2 2
2 Calle Rosen Sean Day 35 1 2 2
3 Hunter Drew Wyatt Kalynuk 30 1 2 2
4 Tobias Bjornfot Austin Strand 0 1 2 2
PowerPlay Forward
Center Left Wing Right Wing Time % Phy DF OF
1 Jack Roslovic Zach Sanford Kailer Yamamoto 50 1 2 2
2 Michael McLeod Travis Boyd Jesper Boqvist 50 1 2 2
PowerPlay Defense
Defense Defense Time % Phy DF OF
1 Tobias Bjornfot Austin Strand 50 1 2 2
2 Calle Rosen Sean Day 50 1 2 2
Penalty Kill 4 Players Forward
Center Wing Time % Phy DF OF
1 Kevin Rooney Alexander Volkov 50 1 2 2
2 David Gustafsson Steven Lorentz 50 1 2 2
Penalty Kill 4 Players Defense
Defense Defense Time % Phy DF OF
1 Tobias Bjornfot Austin Strand 50 1 2 2
2 Calle Rosen Sean Day 50 1 2 2
Penalty Kill - 3 Players Forward
Forward Time % Phy DF OF
1 Kevin Rooney 50 1 2 2
2 David Gustafsson 50 1 2 2
Penalty Kill - 3 Players Defense
Defense Defense Time % Phy DF OF
1 Tobias Bjornfot Austin Strand 50 1 2 2
2 Calle Rosen Sean Day 50 1 2 2
4 vs 4 Forward
Center Wing Time % Phy DF OF
1 Jack Roslovic Kailer Yamamoto 50 1 2 2
2 Michael McLeod Zach Sanford 50 1 2 2
4 vs 4 Defense
Defense Defense Time % Phy DF OF
1 Tobias Bjornfot Austin Strand 50 1 2 2
2 Calle Rosen Sean Day 50 1 2 2
Last Minutes Offensive
Center Left Wing Right Wing Defense Defense
Jack Roslovic Zach Sanford Kailer Yamamoto Tobias Bjornfot Austin Strand
Last Minutes Defensive
Center Left Wing Right Wing Defense Defense
Kevin Rooney David Gustafsson Alexander Volkov Tobias Bjornfot Austin Strand
Goaltenders
Starting : Mikhail Berdin
Backup : Carter Hart
Extra Forwards
Normal : David Gustafsson, Kevin Rooney, Alexander Volkov - PP : David Gustafsson, Kevin Rooney - PK : Alexander Volkov
Extra Defensemen
Normal : Hunter Drew, Wyatt Kalynuk, Calle Rosen - PP : Hunter Drew - PK : Wyatt Kalynuk, Calle Rosen
Penalty Shots
Jack Roslovic, Kailer Yamamoto, Michael McLeod, Zach Sanford, Travis Boyd
% Time on Ice - Kelowna Rockets
Lines # - Real PCT - Wanted PCT - Time Play
Normal Forward
1 - 32% - 40% - 13:48
2 - 32% - 30% - 13:46
3 - 23% - 20% - 9:59
4 - 12% - 10% - 5:00
Normal Defense
1 - 39% - 40% - 16:46
2 - 31% - 30% - 13:11
3 - 26% - 20% - 11:07
4 - 3% - 10% - 1:29
PP Forward
1 - 61% - 60% - 3:32
2 - 39% - 40% - 2:17
PP Defense
1 - 65% - 60% - 3:48
2 - 35% - 40% - 2:01
PK Forward
1 - 89% - 60% - 7:15
2 - 11% - 40% - 0:52
PK Defense
1 - 54% - 60% - 4:24
2 - 46% - 40% - 3:43
PK3 Forward
1 - 100% - 60% - 1:12
2 - 0% - 40% - 0:00
PK3 Defense
1 - 43% - 60% - 0:31
2 - 57% - 40% - 0:41
44 Forward
1 - 100% - 60% - 1:37
2 - 0% - 40% - 0:00
44 Defense
1 - 93% - 60% - 1:30
2 - 7% - 40% - 0:07
Last Minute Offensive - 0:00
Last Minute Defensive - 0:42
Total
Forward - 60:00
Defense - 60:00
|
% Time on Ice - Santa Cruz Tiger Sharks
Lines # - Real PCT - Wanted PCT - Time Play
Normal Forward
1 - 29% - 30% - 12:13
2 - 29% - 30% - 12:24
3 - 25% - 25% - 10:31
4 - 17% - 15% - 7:26
Normal Defense
1 - 35% - 35% - 14:47
2 - 34% - 35% - 14:24
3 - 31% - 30% - 13:23
4 - 0% - 0% - 0:00
PP Forward
1 - 48% - 50% - 3:55
2 - 52% - 50% - 4:15
PP Defense
1 - 55% - 50% - 4:30
2 - 45% - 50% - 3:40
PK Forward
1 - 51% - 50% - 2:57
2 - 49% - 50% - 2:52
PK Defense
1 - 58% - 50% - 3:21
2 - 42% - 50% - 2:28
PK3 Forward
1 - 0% - 50%
2 - 0% - 50%
PK3 Defense
1 - 0% - 50%
2 - 0% - 50%
44 Forward
1 - 49% - 50% - 1:22
2 - 51% - 50% - 1:24
44 Defense
1 - 51% - 50% - 1:25
2 - 49% - 50% - 1:21
Last Minute Offensive - 0:41
Last Minute Defensive - 0:00
Total
Forward - 60:00
Defense - 60:00
|
Play-by-Play
1st period
0:01 of 1st period - Ty Dellandrea wins face-off versus Jack Roslovic in neutral zone.
0:04 of 1st period - Slapshot by Jesse Ylonen.
0:04 of 1st period - Shot Blocked by Zach Sanford.
0:13 of 1st period - Backhand shot by Jack Roslovic.
0:13 of 1st period - Stopped by Eetu Makiniemi without a rebound.
0:14 of 1st period - Michael McLeod wins face-off versus Oskar Steen in Kelowna Rockets zone.
0:43 of 1st period - Slapshot by Alexander Volkov.
0:43 of 1st period - Stopped by Eetu Makiniemi without a rebound.
0:44 of 1st period - Ty Dellandrea wins face-off versus Kevin Rooney in Kelowna Rockets zone.
1:45 of 1st period - Cale Fleury is hit by Zach Sanford and loses puck.
2:31 of 1st period - David Gustafsson is hit by Ty Dellandrea and loses puck.
2:46 of 1st period - Minor Penalty to Joel Kiviranta for Interference.
2:47 of 1st period - Jack Roslovic wins face-off versus Ty Dellandrea in Kelowna Rockets zone.
4:46 of 1st period - Penalty to Joel Kiviranta is over, Joel Kiviranta is back on ice.
5:32 of 1st period - Snap shot by Jesse Ylonen.
5:32 of 1st period - Shot Blocked by Steven Lorentz.
5:34 of 1st period - Slapshot by Jesse Ylonen.
5:34 of 1st period - Stopped by Mikhail Berdin without a rebound.
5:35 of 1st period - Kevin Rooney wins face-off versus Ty Dellandrea in Santa Cruz Tiger Sharks zone.
5:44 of 1st period - Wrist shot by Kieffer Bellows.
5:44 of 1st period - Shot Blocked by Max Lajoie.
6:39 of 1st period - Cale Fleury is hit by Sean Day and loses puck.
8:00 of 1st period - Wrist shot by Alexander Volkov.
8:00 of 1st period - Stopped by Eetu Makiniemi without a rebound.
8:01 of 1st period - Jack Drury wins face-off versus Kevin Rooney in Kelowna Rockets zone.
8:36 of 1st period - Lucas Johansen is hit by Michael McLeod and loses puck.
8:43 of 1st period - Jesse Ylonen is hit by Travis Boyd and loses puck.
8:53 of 1st period - Icing by Tobias Bjornfot.
8:54 of 1st period - Jack Drury wins face-off versus David Gustafsson in Santa Cruz Tiger Sharks zone.
8:57 of 1st period - Snap shot by Jack Drury.
8:57 of 1st period - Shot Misses the Net.
8:59 of 1st period - Slapshot by Jacob Perreault.
8:59 of 1st period - Goal by Jacob Perreault - Kelowna Rockets : 1 - Santa Cruz Tiger Sharks : 0.
9:00 of 1st period - Jack Roslovic wins face-off versus Ty Dellandrea in neutral zone.
9:11 of 1st period - Slapshot by Jasper Weatherby.
9:11 of 1st period - Stopped by Mikhail Berdin with a rebound.
9:13 of 1st period - Slapshot by Jesse Ylonen.
9:13 of 1st period - Stopped by Mikhail Berdin without a rebound.
9:14 of 1st period - Michael McLeod wins face-off versus Ty Dellandrea in Santa Cruz Tiger Sharks zone.
9:19 of 1st period - Jasper Weatherby is hit by Travis Boyd and loses puck.
9:30 of 1st period - Snap shot by Jasper Weatherby.
9:30 of 1st period - Stopped by Mikhail Berdin without a rebound.
9:31 of 1st period - Jack Roslovic wins face-off versus Joel Kiviranta in Santa Cruz Tiger Sharks zone.
9:44 of 1st period - Oskar Steen is hit by Jack Roslovic.
9:52 of 1st period - Minor Penalty to Kailer Yamamoto for Hooking.
9:53 of 1st period - Ty Dellandrea wins face-off versus Kevin Rooney in Santa Cruz Tiger Sharks zone.
10:08 of 1st period - Snap shot by Jasper Weatherby.
10:08 of 1st period - Shot Misses the Net.
11:26 of 1st period - Kevin Rooney is hit by Cale Fleury and loses puck.
11:52 of 1st period - Penalty to Kailer Yamamoto is over, Kailer Yamamoto is back on ice.
12:07 of 1st period - Icing by Jesper Boqvist.
12:08 of 1st period - Jack Drury wins face-off versus Michael McLeod in Santa Cruz Tiger Sharks zone.
12:11 of 1st period - Snap shot by Jack Drury.
12:11 of 1st period - Stopped by Mikhail Berdin with a rebound.
12:13 of 1st period - Wrist shot by Jack Drury.
12:13 of 1st period - Shot Misses the Net.
12:15 of 1st period - Slapshot by Lucas Johansen.
12:15 of 1st period - Deflect By Michael McLeod.
12:15 of 1st period - Stopped by Mikhail Berdin with a rebound.
12:17 of 1st period - Snap shot by Jacob Perreault.
12:17 of 1st period - Shot Misses the Net.
12:19 of 1st period - Snap shot by Jack Drury.
12:19 of 1st period - Stopped by Mikhail Berdin without a rebound.
12:20 of 1st period - Jack Roslovic wins face-off versus Oskar Steen in Santa Cruz Tiger Sharks zone.
12:33 of 1st period - Wrist shot by Kailer Yamamoto.
12:33 of 1st period - Deflect By Jack Roslovic.
12:33 of 1st period - Shot Misses the Net.
12:33 of 1st period - Puck is out of play.
12:34 of 1st period - Ty Dellandrea wins face-off versus Michael McLeod in Kelowna Rockets zone.
13:05 of 1st period - Snap shot by Kieffer Bellows.
13:05 of 1st period - Stopped by Eetu Makiniemi with a rebound.
13:07 of 1st period - Slapshot by Tobias Bjornfot.
13:07 of 1st period - Deflect By Jasper Weatherby.
13:07 of 1st period - Stopped by Eetu Makiniemi with a rebound.
13:09 of 1st period - Wrist shot by Kieffer Bellows.
13:09 of 1st period - Stopped by Eetu Makiniemi with a rebound.
13:31 of 1st period - Wrist shot by Oskar Steen.
13:31 of 1st period - Stopped by Mikhail Berdin with a rebound.
14:01 of 1st period - Tobias Bjornfot is hit by Oskar Steen and loses puck.
14:16 of 1st period - Wrist shot by Travis Boyd.
14:16 of 1st period - Shot Misses the Net.
14:18 of 1st period - Wrist shot by Tobias Bjornfot.
14:18 of 1st period - Stopped by Eetu Makiniemi without a rebound.
14:19 of 1st period - Oskar Steen wins face-off versus Jack Roslovic in Kelowna Rockets zone.
14:24 of 1st period - Snap shot by Jack Roslovic.
14:24 of 1st period - Stopped by Eetu Makiniemi with a rebound.
14:26 of 1st period - Snap shot by Zach Sanford.
14:26 of 1st period - Stopped by Eetu Makiniemi with a rebound.
14:28 of 1st period - Wrist shot by Kailer Yamamoto.
14:28 of 1st period - Shot Misses the Net.
14:46 of 1st period - Jesper Boqvist is hit by Givani Smith and loses puck.
15:05 of 1st period - Snap shot by Steven Lorentz.
15:05 of 1st period - Shot Blocked by Jacob Perreault.
15:15 of 1st period - Snap shot by Jack Drury.
15:15 of 1st period - Stopped by Mikhail Berdin with a rebound.
15:21 of 1st period - Snap shot by Jacob Perreault.
15:21 of 1st period - Stopped by Mikhail Berdin with a rebound.
15:23 of 1st period - Snap shot by Jack Drury.
15:23 of 1st period - Deflect By Givani Smith.
15:23 of 1st period - Shot Blocked by Wyatt Kalynuk.
15:23 of 1st period - Puck is out of play.
15:24 of 1st period - Jack Roslovic wins face-off versus Ty Dellandrea in Santa Cruz Tiger Sharks zone.
15:26 of 1st period - Minor Penalty to Sean Day for Hooking.
15:27 of 1st period - Ty Dellandrea wins face-off versus Kevin Rooney in Santa Cruz Tiger Sharks zone.
15:27 of 1st period - Slapshot by Jesse Ylonen.
15:27 of 1st period - Shot Misses the Net.
15:29 of 1st period - Minor Penalty to Ty Dellandrea for Interference.
15:30 of 1st period - Jack Roslovic wins face-off versus Roby Jarventie in Kelowna Rockets zone.
15:31 of 1st period - Snap shot by Kailer Yamamoto.
15:31 of 1st period - Shot Misses the Net.
15:33 of 1st period - Wrist shot by Jack Roslovic.
15:33 of 1st period - Deflect By Jasper Weatherby.
15:33 of 1st period - Shot Misses the Net.
15:33 of 1st period - Puck is out of play.
15:34 of 1st period - Roby Jarventie wins face-off versus Jack Roslovic in Kelowna Rockets zone.
16:16 of 1st period - Minor Penalty to Jack Drury for High sticking.
16:17 of 1st period - Michael McLeod wins face-off versus Jacob Perreault in Kelowna Rockets zone.
17:26 of 1st period - Penalty to Sean Day is over, Sean Day is back on ice.
17:29 of 1st period - Penalty to Ty Dellandrea is over, Ty Dellandrea is back on ice.
17:42 of 1st period - Austin Strand is hit by Ty Dellandrea and loses puck.
17:51 of 1st period - Calle Rosen is hit by Maxence Guenette and loses puck.
18:16 of 1st period - Penalty to Jack Drury is over, Jack Drury is back on ice.
18:45 of 1st period - Slapshot by Joel Kiviranta.
18:45 of 1st period - Shot Blocked by David Gustafsson.
18:47 of 1st period - Wrist shot by Oskar Steen.
18:47 of 1st period - Stopped by Mikhail Berdin with a rebound.
19:00 of 1st period - Icing by Hunter Drew.
19:01 of 1st period - David Gustafsson wins face-off versus Jack Drury in Santa Cruz Tiger Sharks zone.
19:01 of 1st period - David Gustafsson is hit by Jacob Perreault.
19:12 of 1st period - Wrist shot by Kieffer Bellows.
19:12 of 1st period - Deflect By Kevin Rooney.
19:12 of 1st period - Shot Misses the Net.
19:12 of 1st period - Puck is out of play.
19:13 of 1st period - Michael McLeod wins face-off versus Matias Maccelli in Kelowna Rockets zone.
19:14 of 1st period - Wrist shot by Jesper Boqvist.
19:14 of 1st period - Shot Misses the Net.
19:16 of 1st period - Snap shot by Sean Day.
19:16 of 1st period - Shot Misses the Net.
19:18 of 1st period - Wrist shot by Jesper Boqvist.
19:18 of 1st period - Stopped by Eetu Makiniemi with a rebound.
19:20 of 1st period - Wrist shot by Sean Day.
19:20 of 1st period - Shot Blocked by Lucas Johansen.
19:22 of 1st period - Snap shot by Jesper Boqvist.
19:22 of 1st period - Stopped by Eetu Makiniemi without a rebound.
19:23 of 1st period - Oskar Steen wins face-off versus Michael McLeod in Kelowna Rockets zone.
19:23 of 1st period - Oskar Steen is hit by Michael McLeod.
19:44 of 1st period - Snap shot by Joel Kiviranta.
19:44 of 1st period - Stopped by Mikhail Berdin with a rebound.
19:54 of 1st period - Snap shot by Oskar Steen.
19:54 of 1st period - Stopped by Mikhail Berdin with a rebound.
Goals for this period are 1 for Kelowna Rockets vs 0 for Santa Cruz Tiger Sharks.
Shots for this period are 14 for Kelowna Rockets vs 11 for Santa Cruz Tiger Sharks.
2nd period
0:01 of 2nd period - Jack Roslovic wins face-off versus Ty Dellandrea in neutral zone.
1:42 of 2nd period - Wrist shot by Alexander Volkov.
1:42 of 2nd period - Stopped by Eetu Makiniemi without a rebound.
1:43 of 2nd period - Jack Roslovic wins face-off versus Jack Drury in Kelowna Rockets zone.
1:58 of 2nd period - Snap shot by Jack Roslovic.
1:58 of 2nd period - Goal by Jack Roslovic - Kelowna Rockets : 1 - Santa Cruz Tiger Sharks : 1.
1:59 of 2nd period - Jack Roslovic wins face-off versus Ty Dellandrea in neutral zone.
2:12 of 2nd period - Snap shot by Jesse Ylonen.
2:12 of 2nd period - Stopped by Mikhail Berdin with a rebound.
2:14 of 2nd period - Slapshot by Ty Dellandrea.
2:14 of 2nd period - Stopped by Mikhail Berdin with a rebound.
2:20 of 2nd period - Minor Penalty to Zach Sanford for Interference.
2:21 of 2nd period - Kevin Rooney wins face-off versus Ty Dellandrea in Santa Cruz Tiger Sharks zone.
2:21 of 2nd period - Kevin Rooney is hit by Jasper Weatherby.
2:55 of 2nd period - Snap shot by Oskar Steen.
2:55 of 2nd period - Goal by Oskar Steen - Kelowna Rockets : 2 - Santa Cruz Tiger Sharks : 1.
2:56 of 2nd period - Jasper Weatherby wins face-off versus Zach Sanford in neutral zone.
2:59 of 2nd period - Snap shot by Jesse Ylonen.
2:59 of 2nd period - Stopped by Mikhail Berdin with a rebound.
3:01 of 2nd period - Wrist shot by Jesse Ylonen.
3:01 of 2nd period - Shot Blocked by Jack Roslovic.
3:03 of 2nd period - Wrist shot by Jesse Ylonen.
3:03 of 2nd period - Deflect By Kailer Yamamoto.
3:03 of 2nd period - Stopped by Mikhail Berdin without a rebound.
3:04 of 2nd period - Jack Roslovic wins face-off versus Jasper Weatherby in Santa Cruz Tiger Sharks zone.
3:04 of 2nd period - Jack Roslovic is hit by Max Lajoie.
3:25 of 2nd period - Minor Penalty to Ty Dellandrea for Holding.
3:26 of 2nd period - Michael McLeod wins face-off versus Jack Drury in Kelowna Rockets zone.
3:27 of 2nd period - Snap shot by Jesper Boqvist.
3:27 of 2nd period - Stopped by Eetu Makiniemi with a rebound.
3:29 of 2nd period - Wrist shot by Calle Rosen.
3:29 of 2nd period - Deflect By Jack Drury.
3:29 of 2nd period - Stopped by Eetu Makiniemi without a rebound.
3:30 of 2nd period - Jack Drury wins face-off versus Travis Boyd in Kelowna Rockets zone.
3:38 of 2nd period - Off-side.
3:39 of 2nd period - Jack Drury wins face-off versus Michael McLeod in neutral zone.
4:39 of 2nd period - Jack Drury is hit by Michael McLeod and loses puck.
5:25 of 2nd period - Penalty to Ty Dellandrea is over, Ty Dellandrea is back on ice.
5:27 of 2nd period - Max Lajoie is hit by Travis Boyd and loses puck.
6:01 of 2nd period - Slapshot by David Gustafsson.
6:01 of 2nd period - Shot Blocked by Jake Bean.
8:49 of 2nd period - Calle Rosen is hit by Roby Jarventie.
9:20 of 2nd period - Calle Rosen is hit by Oskari Laaksonen and loses puck.
9:31 of 2nd period - David Gustafsson is hit by Maxence Guenette and loses puck.
9:50 of 2nd period - Slapshot by Kevin Rooney.
9:50 of 2nd period - Stopped by Eetu Makiniemi without a rebound.
9:51 of 2nd period - Kevin Rooney wins face-off versus Jack Drury in Kelowna Rockets zone.
9:52 of 2nd period - Slapshot by Kieffer Bellows.
9:52 of 2nd period - Shot Blocked by Jack Drury.
10:10 of 2nd period - Kevin Rooney is hit by Jack Drury and loses puck.
10:21 of 2nd period - Slapshot by Jack Drury.
10:21 of 2nd period - Stopped by Mikhail Berdin without a rebound.
10:22 of 2nd period - Ty Dellandrea wins face-off versus Michael McLeod in Santa Cruz Tiger Sharks zone.
10:51 of 2nd period - Wrist shot by Joel Kiviranta.
10:51 of 2nd period - Shot Blocked by Travis Boyd.
10:53 of 2nd period - Slapshot by Matias Maccelli.
10:53 of 2nd period - Shot Blocked by Michael McLeod.
10:57 of 2nd period - Snap shot by Joel Kiviranta.
10:57 of 2nd period - Stopped by Mikhail Berdin with a rebound.
11:07 of 2nd period - Snap shot by Arnaud Durandeau.
11:07 of 2nd period - Goal by Arnaud Durandeau - Kelowna Rockets : 3 - Santa Cruz Tiger Sharks : 1.
11:08 of 2nd period - Jack Roslovic wins face-off versus Ty Dellandrea in neutral zone.
11:16 of 2nd period - Snap shot by Jasper Weatherby.
11:16 of 2nd period - Shot Hit the Post.
11:18 of 2nd period - Snap shot by Jesse Ylonen.
11:18 of 2nd period - Shot Misses the Net.
11:20 of 2nd period - Slapshot by Cale Fleury.
11:20 of 2nd period - Shot Blocked by Jack Roslovic.
11:22 of 2nd period - Snap shot by Ty Dellandrea.
11:22 of 2nd period - Shot Misses the Net.
12:05 of 2nd period - Givani Smith is hit by Sean Day and loses puck.
12:22 of 2nd period - Slapshot by Jasper Weatherby.
12:22 of 2nd period - Shot Misses the Net.
12:28 of 2nd period - Ty Dellandrea is hit by David Gustafsson and loses puck.
13:03 of 2nd period - Jack Drury is hit by Michael McLeod.
13:31 of 2nd period - Slapshot by Jesper Boqvist.
13:31 of 2nd period - Stopped by Eetu Makiniemi with a rebound.
13:33 of 2nd period - Slapshot by Travis Boyd.
13:33 of 2nd period - Goal by Travis Boyd - Kelowna Rockets : 3 - Santa Cruz Tiger Sharks : 2.
13:34 of 2nd period - Ty Dellandrea wins face-off versus Zach Sanford in neutral zone.
14:07 of 2nd period - Snap shot by Jacob Perreault.
14:07 of 2nd period - Shot Misses the Net.
14:09 of 2nd period - Snap shot by Jack Drury.
14:09 of 2nd period - Stopped by Mikhail Berdin without a rebound.
14:10 of 2nd period - Michael McLeod wins face-off versus Jesse Ylonen in Santa Cruz Tiger Sharks zone.
14:17 of 2nd period - Wrist shot by Travis Boyd.
14:17 of 2nd period - Shot Blocked by Jesse Ylonen.
14:19 of 2nd period - Snap shot by Travis Boyd.
14:19 of 2nd period - Stopped by Eetu Makiniemi without a rebound.
14:20 of 2nd period - Ty Dellandrea wins face-off versus Michael McLeod in Kelowna Rockets zone.
14:25 of 2nd period - Snap shot by Jesse Ylonen.
14:25 of 2nd period - Stopped by Mikhail Berdin with a rebound.
14:33 of 2nd period - Snap shot by Ty Dellandrea.
14:33 of 2nd period - Shot Blocked by Michael McLeod.
14:51 of 2nd period - Wrist shot by Jasper Weatherby.
14:51 of 2nd period - Stopped by Mikhail Berdin with a rebound.
15:03 of 2nd period - Wrist shot by Travis Boyd.
15:03 of 2nd period - Stopped by Eetu Makiniemi with a rebound.
15:05 of 2nd period - Slapshot by Austin Strand.
15:05 of 2nd period - Shot Misses the Net.
15:15 of 2nd period - Snap shot by Travis Boyd.
15:15 of 2nd period - Deflect By Michael McLeod.
15:15 of 2nd period - Shot Misses the Net.
15:15 of 2nd period - Puck is out of play.
15:16 of 2nd period - Jack Roslovic wins face-off versus Oskar Steen in Kelowna Rockets zone.
15:17 of 2nd period - Snap shot by Kailer Yamamoto.
15:17 of 2nd period - Stopped by Eetu Makiniemi without a rebound.
15:18 of 2nd period - Oskar Steen wins face-off versus Jack Roslovic in Kelowna Rockets zone.
15:39 of 2nd period - Minor Penalty to Joel Kiviranta for Roughing.
15:40 of 2nd period - Jack Roslovic wins face-off versus Ty Dellandrea in Kelowna Rockets zone.
15:51 of 2nd period - Wrist shot by Jack Roslovic.
15:51 of 2nd period - Shot Misses the Net.
15:53 of 2nd period - Slapshot by Calle Rosen.
15:53 of 2nd period - Deflect By Ty Dellandrea.
15:53 of 2nd period - Goal by Calle Rosen - Kelowna Rockets : 3 - Santa Cruz Tiger Sharks : 3.
15:54 of 2nd period - Ty Dellandrea wins face-off versus Kevin Rooney in neutral zone.
16:24 of 2nd period - Slapshot by Tobias Bjornfot.
16:24 of 2nd period - Stopped by Eetu Makiniemi with a rebound.
16:39 of 2nd period - Off-side.
16:40 of 2nd period - Michael McLeod wins face-off versus Jack Drury in neutral zone.
16:53 of 2nd period - Wrist shot by Michael McLeod.
16:53 of 2nd period - Stopped by Eetu Makiniemi with a rebound.
16:55 of 2nd period - Snap shot by Travis Boyd.
16:55 of 2nd period - Shot Blocked by Jacob Perreault.
17:05 of 2nd period - Ty Dellandrea is hit by Alexander Volkov and loses puck.
17:10 of 2nd period - Snap shot by Alexander Volkov.
17:10 of 2nd period - Deflect By Ty Dellandrea.
17:10 of 2nd period - Shot Misses the Net.
17:10 of 2nd period - Puck is out of play.
17:11 of 2nd period - Jack Roslovic wins face-off versus Jasper Weatherby in Kelowna Rockets zone.
17:18 of 2nd period - Ty Dellandrea is hit by Zach Sanford and loses puck.
17:41 of 2nd period - Wrist shot by Alexander Volkov.
17:41 of 2nd period - Shot Misses the Net.
17:56 of 2nd period - Michael McLeod is hit by Givani Smith and loses puck.
18:07 of 2nd period - Wrist shot by Givani Smith.
18:07 of 2nd period - Shot Blocked by Sean Day.
18:25 of 2nd period - Slapshot by Arnaud Durandeau.
18:25 of 2nd period - Shot Misses the Net.
18:35 of 2nd period - Wrist shot by Kailer Yamamoto.
18:35 of 2nd period - Shot Blocked by Jake Bean.
18:57 of 2nd period - Wrist shot by Matias Maccelli.
18:57 of 2nd period - Stopped by Mikhail Berdin without a rebound.
18:58 of 2nd period - Kevin Rooney wins face-off versus Oskar Steen in Santa Cruz Tiger Sharks zone.
19:05 of 2nd period - Icing by Cale Fleury.
19:06 of 2nd period - Michael McLeod wins face-off versus Oskar Steen in Kelowna Rockets zone.
19:19 of 2nd period - Snap shot by Travis Boyd.
19:19 of 2nd period - Shot Misses the Net.
19:21 of 2nd period - Slapshot by Jesper Boqvist.
19:21 of 2nd period - Deflect By Matias Maccelli.
19:21 of 2nd period - Shot Misses the Net.
19:21 of 2nd period - Puck is out of play.
19:22 of 2nd period - Ty Dellandrea wins face-off versus Jack Roslovic in Kelowna Rockets zone.
Goals for this period are 2 for Kelowna Rockets vs 3 for Santa Cruz Tiger Sharks.
Shots for this period are 12 for Kelowna Rockets vs 13 for Santa Cruz Tiger Sharks.
3rd period
0:01 of 3rd period - Ty Dellandrea wins face-off versus Kevin Rooney in neutral zone.
0:04 of 3rd period - Kevin Rooney is hit by Ty Dellandrea and loses puck.
0:11 of 3rd period - Snap shot by Jesse Ylonen.
0:11 of 3rd period - Shot Misses the Net.
0:13 of 3rd period - Slapshot by Cale Fleury.
0:13 of 3rd period - Stopped by Mikhail Berdin with a rebound.
0:15 of 3rd period - Snap shot by Ty Dellandrea.
0:15 of 3rd period - Stopped by Mikhail Berdin without a rebound.
0:16 of 3rd period - Jack Roslovic wins face-off versus Oskar Steen in Santa Cruz Tiger Sharks zone.
0:21 of 3rd period - Snap shot by Kailer Yamamoto.
0:21 of 3rd period - Stopped by Eetu Makiniemi with a rebound.
0:41 of 3rd period - Jesper Boqvist is hit by Max Lajoie and loses puck.
0:48 of 3rd period - Wrist shot by Jasper Weatherby.
0:48 of 3rd period - Stopped by Mikhail Berdin without a rebound.
0:49 of 3rd period - Ty Dellandrea wins face-off versus Kevin Rooney in Santa Cruz Tiger Sharks zone.
1:16 of 3rd period - Jake Bean is hit by Michael McLeod and loses puck.
1:25 of 3rd period - Slapshot by Joel Kiviranta.
1:25 of 3rd period - Stopped by Mikhail Berdin with a rebound.
1:56 of 3rd period - Wrist shot by Lauri Pajuniemi.
1:56 of 3rd period - Shot Blocked by Wyatt Kalynuk.
1:58 of 3rd period - Slapshot by Maxence Guenette.
1:58 of 3rd period - Shot Blocked by Hunter Drew.
2:00 of 3rd period - Slapshot by Ty Dellandrea.
2:00 of 3rd period - Deflect By Arnaud Durandeau.
2:00 of 3rd period - Stopped by Mikhail Berdin with a rebound.
2:02 of 3rd period - Slapshot by Arnaud Durandeau.
2:02 of 3rd period - Stopped by Mikhail Berdin with a rebound.
2:03 of 3rd period - Minor Penalty to Ty Dellandrea for Interference.
2:04 of 3rd period - Jack Roslovic wins face-off versus Jack Drury in Kelowna Rockets zone.
2:05 of 3rd period - Snap shot by Kailer Yamamoto.
2:05 of 3rd period - Deflect By Zach Sanford.
2:05 of 3rd period - Shot Misses the Net.
2:05 of 3rd period - Puck is out of play.
2:06 of 3rd period - Jack Roslovic wins face-off versus Jack Drury in Kelowna Rockets zone.
2:54 of 3rd period - Tobias Bjornfot is hit by Maxence Guenette and loses puck.
3:29 of 3rd period - Max Lajoie is hit by Sean Day and loses puck.
4:03 of 3rd period - Penalty to Ty Dellandrea is over, Ty Dellandrea is back on ice.
4:23 of 3rd period - Ty Dellandrea is hit by Alexander Volkov and loses puck.
4:36 of 3rd period - Backhand shot by David Gustafsson.
4:36 of 3rd period - Shot Misses the Net.
5:15 of 3rd period - Calle Rosen is hit by Max Lajoie and loses puck.
6:04 of 3rd period - Off-side.
6:05 of 3rd period - Jesper Boqvist wins face-off versus Oskar Steen in neutral zone.
6:08 of 3rd period - Snap shot by Michael McLeod.
6:08 of 3rd period - Stopped by Eetu Makiniemi without a rebound.
6:09 of 3rd period - Michael McLeod wins face-off versus Oskar Steen in Kelowna Rockets zone.
6:14 of 3rd period - Wrist shot by Jesper Boqvist.
6:14 of 3rd period - Stopped by Eetu Makiniemi with a rebound.
6:20 of 3rd period - Snap shot by Matias Maccelli.
6:20 of 3rd period - Shot Blocked by Hunter Drew.
6:58 of 3rd period - Lucas Johansen is hit by Kevin Rooney and loses puck.
7:45 of 3rd period - Minor Penalty to Travis Boyd for Interference.
7:46 of 3rd period - Ty Dellandrea wins face-off versus Kevin Rooney in Santa Cruz Tiger Sharks zone.
7:49 of 3rd period - Snap shot by Jesse Ylonen.
7:49 of 3rd period - Goal by Jesse Ylonen - Kelowna Rockets : 4 - Santa Cruz Tiger Sharks : 3.
7:50 of 3rd period - Ty Dellandrea wins face-off versus Jack Roslovic in neutral zone.
8:17 of 3rd period - Joel Kiviranta is hit by Jesper Boqvist and loses puck.
8:22 of 3rd period - Wrist shot by Jesper Boqvist.
8:22 of 3rd period - Shot Blocked by Max Lajoie.
8:42 of 3rd period - Snap shot by Jacob Perreault.
8:42 of 3rd period - Shot Misses the Net.
8:48 of 3rd period - Slapshot by Calle Rosen.
8:48 of 3rd period - Shot Blocked by Maxence Guenette.
8:50 of 3rd period - Wrist shot by Sean Day.
8:50 of 3rd period - Stopped by Eetu Makiniemi without a rebound.
8:51 of 3rd period - Ty Dellandrea wins face-off versus Jack Roslovic in Kelowna Rockets zone.
9:16 of 3rd period - Oskari Laaksonen is hit by Travis Boyd and loses puck.
9:35 of 3rd period - Wrist shot by Joel Kiviranta.
9:35 of 3rd period - Stopped by Mikhail Berdin with a rebound.
10:39 of 3rd period - Snap shot by Jack Drury.
10:39 of 3rd period - Stopped by Mikhail Berdin with a rebound.
10:41 of 3rd period - Slapshot by Givani Smith.
10:41 of 3rd period - Shot Blocked by Austin Strand.
11:31 of 3rd period - Icing by Jack Drury.
11:32 of 3rd period - Jack Drury wins face-off versus Michael McLeod in Kelowna Rockets zone.
12:41 of 3rd period - Snap shot by David Gustafsson.
12:41 of 3rd period - Stopped by Eetu Makiniemi without a rebound.
12:42 of 3rd period - Travis Boyd wins face-off versus Oskar Steen in Kelowna Rockets zone.
13:03 of 3rd period - Minor Penalty to Michael McLeod for Interference.
13:04 of 3rd period - Jasper Weatherby wins face-off versus Kevin Rooney in Santa Cruz Tiger Sharks zone.
13:07 of 3rd period - Wrist shot by Jesse Ylonen.
13:07 of 3rd period - Shot Misses the Net.
13:09 of 3rd period - Slapshot by Max Lajoie.
13:09 of 3rd period - Deflect By Ty Dellandrea.
13:09 of 3rd period - Shot Blocked by Sean Day.
13:09 of 3rd period - Puck is out of play.
13:10 of 3rd period - Ty Dellandrea wins face-off versus Kevin Rooney in Santa Cruz Tiger Sharks zone.
13:11 of 3rd period - Wrist shot by Jesse Ylonen.
13:11 of 3rd period - Stopped by Mikhail Berdin without a rebound.
13:12 of 3rd period - Kevin Rooney wins face-off versus Ty Dellandrea in Santa Cruz Tiger Sharks zone.
13:32 of 3rd period - Snap shot by Ty Dellandrea.
13:32 of 3rd period - Shot Misses the Net.
13:34 of 3rd period - Slapshot by Max Lajoie.
13:34 of 3rd period - Shot Blocked by Sean Day.
13:36 of 3rd period - Wrist shot by Jasper Weatherby.
13:36 of 3rd period - Stopped by Mikhail Berdin without a rebound.
13:37 of 3rd period - Kevin Rooney wins face-off versus Oskar Steen in Santa Cruz Tiger Sharks zone.
13:52 of 3rd period - Wrist shot by Oskar Steen.
13:52 of 3rd period - Stopped by Mikhail Berdin with a rebound.
14:12 of 3rd period - Minor Penalty to Jasper Weatherby for Hooking.
14:13 of 3rd period - Ty Dellandrea wins face-off versus Jack Roslovic in Kelowna Rockets zone.
14:25 of 3rd period - Wrist shot by Jack Roslovic.
14:25 of 3rd period - Stopped by Eetu Makiniemi with a rebound.
14:43 of 3rd period - Icing by Ty Dellandrea.
14:44 of 3rd period - David Gustafsson wins face-off versus Ty Dellandrea in Kelowna Rockets zone.
14:49 of 3rd period - Snap shot by Zach Sanford.
14:49 of 3rd period - Stopped by Eetu Makiniemi with a rebound.
14:51 of 3rd period - Slapshot by Austin Strand.
14:51 of 3rd period - Stopped by Eetu Makiniemi with a rebound.
14:53 of 3rd period - Snap shot by Zach Sanford.
14:53 of 3rd period - Stopped by Eetu Makiniemi with a rebound.
14:55 of 3rd period - Slapshot by Austin Strand.
14:55 of 3rd period - Stopped by Eetu Makiniemi without a rebound.
14:56 of 3rd period - Ty Dellandrea wins face-off versus David Gustafsson in Kelowna Rockets zone.
15:03 of 3rd period - Penalty to Michael McLeod is over, Michael McLeod is back on ice.
16:12 of 3rd period - Penalty to Jasper Weatherby is over, Jasper Weatherby is back on ice.
17:17 of 3rd period - Minor Penalty to Hunter Drew for Holding.
17:18 of 3rd period - Kevin Rooney wins face-off versus Ty Dellandrea in Santa Cruz Tiger Sharks zone.
17:18 of 3rd period - Kevin Rooney is hit by Ty Dellandrea.
18:23 of 3rd period - Calle Rosen is hit by Joel Kiviranta and loses puck.
19:08 of 3rd period - Slapshot by Jacob Perreault.
19:08 of 3rd period - Shot Misses the Net.
19:17 of 3rd period - Penalty to Hunter Drew is over, Hunter Drew is back on ice.
19:26 of 3rd period - Hunter Drew is hit by Maxence Guenette and loses puck.
19:45 of 3rd period - Backhand shot by Jake Bean.
19:45 of 3rd period - Shot Misses the Net.
19:47 of 3rd period - Slapshot by Joel Kiviranta.
19:47 of 3rd period - Stopped by Mikhail Berdin without a rebound.
19:48 of 3rd period - Joel Bouchard call a timeout for Santa Cruz Tiger Sharks.
19:48 of 3rd period - Jack Roslovic wins face-off versus Roby Jarventie in Santa Cruz Tiger Sharks zone.
19:53 of 3rd period - Santa Cruz Tiger Sharks, Mikhail Berdin is pulled from the net.
19:55 of 3rd period - Snap shot by Jack Roslovic.
19:55 of 3rd period - Stopped by Eetu Makiniemi with a rebound.
19:59 of 3rd period - Snap shot by Jack Roslovic.
19:59 of 3rd period - Deflect By Zach Sanford.
19:59 of 3rd period - Shot Misses the Net.
19:59 of 3rd period - Puck is out of play.
Goals for this period are 1 for Kelowna Rockets vs 0 for Santa Cruz Tiger Sharks.
Shots for this period are 13 for Kelowna Rockets vs 11 for Santa Cruz Tiger Sharks.
Back to the Top